 Dungeon Crawl Stone Soup version 0.26.0-10-g1f06aea511 (webtiles) character file.

Game seed: 9757147940793354631

176359 inmateoo the Fencer (level 18, 0/119 HPs)
             Began as a Tengu Gladiator on Jan 14, 2021.
             Was the Champion of Hepliaklqana.
             Slain by a seven-headed hydra (4 damage)
             ... called by a spriggan druid
             ... on level 4 of the Swamp.
             The game lasted 00:52:54 (38696 turns).

inmateoo the Fencer (Tengu Gladiator)              Turns: 38696, Time: 00:52:54

Health: 0/119      AC:  9    Str: 15    XL:     18   Next: 13%
Magic:  26/26      EV: 33    Int: 11    God:    Hepliaklqana [******]
Gold:   2233       SH:  9    Dex: 28    Spells: 17/17 levels left

rFire    . . .     SeeInvis .   l - +4 scimitar (flame)
rCold    + . .     Faith    .   Z - +2 buckler
rNeg     . . .     Spirit   .   s - +5 ring mail
rPois    +         Reflect  .   K - +0 hat {Int+3}
rElec    .         Harm     .   O - +2 cloak {rCorr}
rCorr    +         Rampage  .   Y - +2 pair of gloves {archery}
Will     +....                  (boots unavailable)
Stlth    +++.......             X - amulet of Vitality {Regen+ HP+15}
HPRegen  0.69/turn              A - ring of protection from cold
MPRegen  0.20/turn              q - ring "Wigh" {rPois Dex+4 Stlth+}

@: corroded, flying quickly and evasively, studying Bows, quick
A: reduced essence, beak, talons 3, able to fly
a: Stop Flying, Renounce Religion, Recall Ancestor, Ancestor Identity,
Transference, Idealise


You were on level 4 of the Swamp.
You worshipped Hepliaklqana.
Hepliaklqana was exalted by your worship.
You visited 5 branches of the dungeon, and saw 28 of its levels.
You also visited: Ice Cave.

You collected 4151 gold pieces.
You spent 1918 gold pieces at shops.

Inventory:

Hand Weapons
 l - a +4 scimitar of flaming (weapon)
 Q - a +3 double sword
 U - a +2 longbow of flaming
Missiles
 d - 3 throwing nets
 p - 16 curare-tipped darts (quivered)
 V - 330 arrows
Armour
 s - a +5 ring mail (worn)
 J - a +2 chain mail of fire resistance
 K - a +0 hat of intelligence (worn)
 O - a +2 cloak of preservation (worn)
 Y - a +2 pair of gloves of archery (worn)
 Z - a +2 buckler (worn)
Jewellery
 k - an uncursed ring of protection from cold
 q - the ring "Wigh" (right hand) {rPois Dex+4 Stlth+}
   (You found it on level 8 of the Dungeon)

   [ring of stealth]

   It affects your dexterity (+4).
   It protects you from poison.
   It makes you more stealthy.
 v - an uncursed ring of resist corrosion
 A - a ring of protection from cold (left hand)
 R - an uncursed ring of willpower
 X - the amulet of Vitality (around neck) {Regen+ HP+15}
   (You found it on level 8 of the Dungeon)

   [amulet of regeneration]

   It affects your health (+15).
   It increases your rate of regeneration.
Wands
 g - a wand of iceblast (7)
 u - a wand of flame (37)
 y - a wand of random effects (7)
 F - a wand of polymorph (5)
 H - a wand of disintegration (37)
 M - a wand of paralysis (26)
 N - a wand of enslavement (37)
 P - a wand of acid (8)
Scrolls
 a - 7 scrolls of remove curse
 e - 11 scrolls of teleportation
 h - 6 scrolls of enchant armour
 j - 3 scrolls of magic mapping
 n - 11 scrolls of amnesia
 w - 3 scrolls of fear
 x - a scroll of holy word
 C - 14 scrolls of identify
 G - 6 scrolls of blinking
Potions
 b - 9 potions of curing
 f - 7 potions of ambrosia
 i - 9 potions of lignification
 m - 3 potions of mutation
 o - 5 potions of haste
 r - 6 potions of magic
 t - 2 potions of cancellation
 E - 5 potions of attraction
 I - 3 potions of heal wounds
 L - 5 potions of might
 S - a potion of brilliance
 T - 2 potions of invisibility
Books
 D - a manual of Bows
Miscellaneous
 c - a box of beasts
 B - a lightning rod (4/4)


   Skills:
 + Level 14.0 Fighting
 + Level 18.5 Long Blades
 - Level 10.0 Bows
 - Level 2.0 Throwing
 + Level 5.3 Armour
 + Level 16.8 Dodging
 - Level 4.0 Shields
 - Level 10.0 Invocations
 - Level 10.0 Evocations


You had 17 spell levels left.
You didn't know any spells.
Your spell library contained the following spells:

 Spells                   Type           Power        Failure   Level
 Animate Skeleton         Necr           0%           54%         1
 Apportation              Tloc           0%           54%         1
 Corona                   Hex            0%           54%         1
 Pain                     Necr           0%           54%         1
 Sting                    Tmut/Pois      0%           54%         1
 Summon Small Mammal      Summ           0%           54%         1
 Poisonous Vapours        Pois/Air       0%           69%         2
 Ignite Poison            Fire/Tmut/Pois 0%           89%         3
 Mephitic Cloud           Conj/Pois/Air  0%           89%         3
 Vampiric Draining        Necr           0%           89%         3
 Animate Dead             Necr           0%           100%        4
 Olgreb's Toxic Radiance  Pois           0%           100%        4
 Agony                    Necr           0%           100%        5
 Irradiate                Conj/Tmut      0%           100%        5
 Hydra Form               Tmut           0%           100%        6
 Statue Form              Tmut/Erth      0%           100%        6
 Dragon Form              Tmut           0%           100%        7


Dungeon Overview and Level Annotations

Branches:
Dungeon (15/15)            Temple (1/1) D:4            Lair (6/6) D:11
  Swamp (4/4) Lair:3       Spider (0/4) Lair:4        Slime (0/5) Lair:5
    Orc (2/2) D:10            Elf (0/3) Orc:2        Vaults (0/5) D:13
 Depths (0/5) D:15          IceCv (visited)

Altars:
Ashenzari
Cheibriados
Dithmenos
Elyvilon
Fedhas
Gozag
Hepliaklqana
Kikubaaqudgha
Makhleb
Nemelex Xobeh
Okawaru
Qazlal
Ru
Sif Muna
Trog
Uskayaw
Vehumet
Wu Jian
Yredelemnul
Zin
The Shining One

Shops:
D:9 :   D:14 :   Orc:2 (?[=

Portals:
Trove: D:11 (give +8 demon trident)


Innate Abilities, Weirdness & Mutations

You have a beak for a mouth.
You have claws for feet.
You can fly continuously.
Your life essence is reduced to manifest your ancestor. (-10% HP)


Message History

The eight-headed hydra completely misses you. x2
The eight-headed hydra bites you!
* * * LOW HITPOINT WARNING * * *
The eight-headed hydra bites you but does no damage.
The eight-headed hydra completely misses you.
The swamp worm fires a harpoon shot at you.
The harpoon shot misses you.
The seven-headed hydra is engulfed in a cloud of scalding steam.
The bloated husk is engulfed in a cloud of scalding steam.
There is a stone staircase leading up, spattered with blood here.
Unknown command.
The swamp dragon roars deafeningly!
The goliath frog hits you from afar!!
* * * LOW HITPOINT WARNING * * *
The acid corrodes you!
You are splashed with acid.
You resist.
* * * LOW HITPOINT WARNING * * *
The seven-headed hydra completely misses you. x2
The seven-headed hydra closely misses you.
The seven-headed hydra misses you. x2; The seven-headed hydra bites you.
You die...

♣..≈.≈≈.≈.♣♣≈.≈.≈
..♣.≈≈≈≈.....≈≈.
≈≈≈≈.≈≈≈≈≈.≈..$.
♣♣≈≈i≈≈≈≈D♣..
♣♣≈♣≈...≈≈≈≈≈≈..♣
♣.......≈≈≈≈≈♣D.♣
♣.≈§w≈..wF≈≈.....
♣≈≈≈≈≈≈♣.D§≈..≈..
♣♣≈.≈♣♣♣@vn§§≈...
♣♣♣♣♣...D≈≈≈≈≈≈≈
♣≈≈♣♣♣.≈≈§.≈≈
♣..§ .≈§≈.. ♣♣♣
♣..... ≈§.≈.
≈≈.≈≈ ≈...


You could see an eight-headed hydra, a seven-headed hydra, a five-headed hydra,
a swamp dragon, a spriggan druid, a goliath frog, a will-o-the-wisp, a swamp
worm and a bloated husk.

Vanquished Creatures
  An Ice Fiend (IceCv)
  Kirke (D:12)
  Roxanne (D:15)
  A fire giant (D:8)
  The ghost of hydrownug the Fighter, a journeyman OgWn of Ru (Lair:5)
  A bunyip (Swamp:3)
  Snorg (D:14)
  3 eleionomae
  A fire dragon (Lair:6)
  A shambling mangrove (Swamp:2)
  2 boulder beetles
  20 hydras
  2 vault guards
  A rakshasa (D:15)
  5 centaur warriors
  An ogre mage (Orc:2)
  A catoblepas (Lair:4)
  A ghost crab (Swamp:1)
  4 death knights
  6 two-headed ogres
  6 alligators
  A death yak (Lair:4)
  3 tengu warriors
  Sonja (Lair:4)
  A spriggan druid (Swamp:2)
  2 goliath frogs
  6 skeletal warriors
  2 bog bodies
  A deep troll (Orc:2)
  An unseen horror (D:13)
  A flayed ghost (D:12)
  2 swamp dragons (Swamp:3)
  7 ugly things
  2 lindwurms
  A wolf spider zombie (D:15)
  A deep elf mage (D:12)
  An oklob plant (Lair:3)
  2 phantasmal warriors
  An orc sorcerer (Orc:1)
  2 manticores
  3 will-o-the-wisps (Swamp:3)
  5 cyclopes
  5 elephants
  6 black mambas
  Maurice (Orc:2)
  4 ice statues (IceCv)
  2 kobold demonologists (D:13)
  4 rime drakes
  8 torpor snails
  9 cane toads
  8 freezing wraiths
  8 komodo dragons
  A golden dragon simulacrum (IceCv)
  3 tengu conjurers (D:15)
  4 efreet
  3 polar bears
  An anaconda simulacrum (IceCv)
  6 ice devils (IceCv)
  2 meliai (D:13)
  7 trolls
  3 jumping spiders (Lair:4)
  15 hornets
  10 tyrant leeches
  18 blink frogs
  8 slime creatures
  A dream sheep (shapeshifter) (D:15)
  2 redbacks (Lair:4)
  9 spriggans
  A shadow (D:12)
  2 centaur simulacra (D:15)
  26 yaks
  2 wyverns
  2 tarantellas (shapeshifter) (D:15)
  2 hogs (D:12)
  11 wraiths
  10 basilisks
  A fire bat (D:12)
  A vampire mosquito (D:12)
  4 steam dragons
  9 swamp worms
  An iron troll simulacrum (IceCv)
  3 harpy simulacra (IceCv)
  6 water moccasins
  2 hydra simulacra (IceCv)
  9 ice beasts
  A sky beast (D:9)
  10 orc warriors
  A swamp drake (Lair:6)
  4 black bears
  21 ogres
  7 centaurs
  8 wolves
  7 big kobolds
  23 bullfrogs
  2 wyvern zombies (D:14)
  3 scorpions
  4 killer bees (D:7)
  5 wights
  A howler monkey (shapeshifter) (D:15)
  7 howler monkeys
  5 electric eels
  2 bullfrog zombies (D:13)
  6 centaur zombies
  A quasit (D:5)
  6 hounds
  7 orc priests
  7 jellies
  7 centaur skeletons
  14 orc wizards
  2 bullfrog skeletons
  3 iguanas
  Jessica (D:3)
  12 worker ants
  6 hell rats (Lair:2)
  A bullfrog simulacrum (D:9)
  A worker ant zombie (D:9)
  A killer bee simulacrum (D:9)
  3 gnolls
  17 adders
  A hound simulacrum (D:8)
  6 white imps
  A worker ant simulacrum (D:9)
  An ufetubus (D:9)
  A worm (D:2)
  3 dart slugs
  An adder simulacrum (D:9)
  6 leopard geckos
  59 orcs
  19 bats
  5 giant cockroaches
  3 goblins
  5 hobgoblins
  15 jackals
  21 kobolds
  2 quokkas
  3 frilled lizards
  2 gnoll zombies (D:4)
  A jackal skeleton (D:4)
  A leopard gecko skeleton (D:7)
  A leopard gecko zombie (D:8)
  3 quokka skeletons
  3 rats
716 creatures vanquished.

Vanquished Creatures (collateral kills)
  Gastronok (D:9)
  Nessos (Lair:4)
  A bunyip (Swamp:2)
  3 eleionomae (Swamp:3)
  A yaktaur captain (D:8)
  An ice dragon (Lair:6)
  A boulder beetle (D:8)
  A hydra (D:11)
  2 vault guards
  2 catoblepae
  4 two-headed ogres
  A death knight (D:15)
  4 alligators
  A centaur warrior (D:12)
  A tengu warrior (D:14)
  An ogre mage (Orc:2)
  5 death yaks
  A glowing orange brain (D:15)
  2 skeletal warriors
  An unseen horror (D:13)
  A goliath frog (Swamp:3)
  A deep troll (Orc:1)
  A bog body (Swamp:2)
  A swamp dragon (Lair:6)
  A spriggan druid (Swamp:3)
  2 will-o-the-wisps
  A wolf spider (D:15)
  A deep elf mage (D:12)
  A manticore (D:15)
  An orc sorcerer (Orc:2)
  5 ugly things
  3 elephants
  2 black mambas
  A centaur zombie (D:14)
  5 cane toads
  4 rime drakes
  A kobold demonologist (D:13)
  4 ice devils (IceCv)
  4 komodo dragons
  A golden dragon simulacrum (IceCv)
  2 jumping spiders (Lair:4)
  6 trolls
  4 hornets
  A meliai (D:13)
  2 polar bears
  2 tyrant leeches
  A slime creature (D:12)
  Grinder (D:6)
  7 blink frogs
  2 spriggans (Swamp:3)
  3 basilisks
  A fire bat (D:12)
  2 wraiths
  A wyvern (Lair:2)
  12 yaks
  A hog (D:12)
  2 vampire mosquitoes (D:12)
  4 swamp worms
  An iron troll simulacrum (IceCv)
  An acid dragon (Lair:6)
  3 ice beasts
  4 orc warriors
  2 phantoms (D:9)
  4 black bears
  10 ogres
  2 wolves
  An eye of draining (D:14)
  2 big kobolds
  3 centaurs
  3 bullfrogs
  A scorpion (D:8)
  A killer bee (D:7)
  5 wights
  A howler monkey (D:13)
  An electric eel (Lair:5)
  7 orc wizards
  A hound (D:8)
  3 orc priests
  5 iguanas
  3 worker ants
  2 white imps (D:9)
  A leopard gecko (D:13)
  11 orcs
  3 jackals
  6 kobolds
  A bush (Lair:3)
218 creatures vanquished.

Vanquished Creatures (others)
  A goliath frog (Swamp:1)
  A will-o-the-wisp (Swamp:4)
  A centaur skeleton (D:11)
  3 bloated husks
  A shadow (D:11)
  A swamp drake (Swamp:1)
  35 battlemagi
  An iguana (Lair:6)
  2 howler monkey skeletons (D:11)
  39 foxfires
  30 fungi
  71 plants
  7 toadstools (Lair:2)
193 creatures vanquished.

Grand Total: 1127 creatures vanquished

Notes
Turn   | Place    | Note
-------+----------+-------------------------------------------
     0 | D:1      | inmateoo the Tengu Gladiator began the quest for the Orb.
     0 | D:1      | Reached XP level 1. HP: 12/12 MP: 2/2
   100 | D:1      | Reached XP level 2. HP: 17/17 MP: 3/3
   957 | D:2      | Reached skill level 4 in Long Blades
   957 | D:2      | Reached XP level 3. HP: 18/22 MP: 4/4
  1592 | D:2      | Reached XP level 4. HP: 27/27 MP: 5/5
  1891 | D:3      | Noticed a bullfrog
  1898 | D:3      | Killed a bullfrog
  1899 | D:3      | Reached skill level 5 in Long Blades
  1899 | D:3      | Gained mutation: You can fly continuously. [Tengu growth]
  1899 | D:3      | Reached XP level 5. HP: 21/32 MP: 6/6
  2138 | D:3      | Noticed Jessica
  2147 | D:3      | Killed Jessica
  2336 | D:3      | Reached XP level 6. HP: 32/37 MP: 7/7
  2392 | D:3      | You are sucked into a shaft and drop 1 floor!
  2911 | D:4      | Reached skill level 6 in Long Blades
  2958 | D:4      | Reached skill level 5 in Dodging
  2958 | D:4      | Reached XP level 7. HP: 42/42 MP: 8/8
  3099 | D:4      | Found a staircase to the Ecumenical Temple.
  3182 | Temple   | Entered the Ecumenical Temple
  3252 | Temple   | Became a worshipper of Hepliaklqana the Forgotten
  3395 | D:4      | Found a basalt altar of Yredelemnul.
  3685 | D:5      | Entered Level 5 of the Dungeon
  3853 | D:4      | Reached skill level 7 in Long Blades
  4116 | D:5      | Reached XP level 8. HP: 33/43 MP: 7/9
  4175 | D:5      | Reached * piety under Hepliaklqana
  4452 | D:6      | Reached skill level 5 in Fighting
  4452 | D:6      | Reached skill level 8 in Long Blades
  4517 | D:6      | Noticed Grinder
  4526 | D:6      | Killed Grinder
  4704 | D:6      | Got a fading plate armour
  4715 | D:6      | Identified the +1 plate armour "Musoto Fon" {Will+} (You
                  | found it on level 6 of the Dungeon)
  5190 | D:7      | Reached skill level 9 in Long Blades
  5304 | D:7      | Reached XP level 9. HP: 49/49 MP: 10/10
  5380 | D:7      | Noticed a troll
  5389 | D:7      | Killed a troll
  5578 | D:7      | Reached ** piety under Hepliaklqana
  5579 | D:7      | Remembered your ancestor Takurtum as a battlemage
  5782 | D:7      | Reached skill level 10 in Long Blades
  6369 | D:8      | Found a runed translucent door.
  6369 | D:8      | Noticed a yaktaur captain
  6369 | D:8      | Noticed a boulder beetle
  6370 | D:8      | Found the amulet of Vitality {Regen+ HP+15}
  6371 | D:8      | Noticed a hornet
  6371 | D:8      | Noticed a fire giant
  6371 | D:8      | Noticed a hornet
  6371 | D:8      | Noticed a cyclops
  6372 | D:8      | Found the +7 lajatang of Order {silver, rMut}
  7004 | D:8      | Reached *** piety under Hepliaklqana
  7085 | D:8      | Noticed a wolf spider
  7245 | D:9      | Reached skill level 11 in Long Blades
  7332 | D:9      | Reached XP level 10. HP: 54/56 MP: 11/11
  7363 | D:9      | Noticed Gastronok
  7370 | D:9      | HP: 1/56 [Gastronok/the air (26)]
  8153 | D:9      | Killed Gastronok
  8154 | D:9      | Reached skill level 12 in Long Blades
  8182 | D:9      | Found Ynkiydosa's Book Boutique.
  8457 | D:9      | Reached XP level 11. HP: 57/62 MP: 12/12
  8698 | D:9      | Found a blossoming altar of Fedhas.
  8740 | D:9      | Reached skill level 13 in Long Blades
  8812 | D:10     | Entered Level 10 of the Dungeon
  9097 | D:10     | Found a broken altar of Ashenzari.
  9192 | D:10     | Reached **** piety under Hepliaklqana
  9696 | D:10     | Found a staircase to the Orcish Mines.
  9908 | D:11     | Reached skill level 10 in Dodging
 10150 | D:11     | Found a staircase to the Lair.
 10440 | D:11     | Noticed a two-headed ogre
 10450 | D:11     | Noticed a cyan ugly thing
 10451 | D:11     | Noticed a six-headed hydra
 10598 | D:11     | Found a portal to a secret trove of treasure.
 10601 | D:11     | Noticed a brown ugly thing
 10617 | D:11     | Killed a brown ugly thing
 10928 | D:11     | Noticed a cyan ugly thing
 10934 | D:11     | Killed a cyan ugly thing
 10942 | D:11     | Killed a cyan ugly thing
 10943 | D:11     | Reached skill level 14 in Long Blades
 11026 | D:11     | Killed a two-headed ogre
 11065 | D:11     | Killed a six-headed hydra
 11066 | D:11     | Reached skill level 10 in Fighting
 11068 | D:11     | Noticed a death knight
 11071 | D:11     | Noticed a centaur warrior
 11353 | D:12     | Reached skill level 1 in Invocations
 11558 | D:12     | Noticed a cyclops
 11662 | D:12     | Killed a cyclops
 11663 | D:12     | Reached XP level 12. HP: 69/69 MP: 14/14
 11831 | D:12     | Noticed Kirke
 11855 | D:12     | Killed Kirke
 12025 | D:12     | Noticed a two-headed ogre
 12037 | D:12     | Killed a two-headed ogre
 12354 | D:12     | Found a runed translucent door.
 12358 | D:12     | Found a blossoming altar of Fedhas.
 12368 | D:12     | Found a basalt altar of Yredelemnul.
 12375 | D:12     | Found an iron altar of Okawaru.
 12375 | D:12     | Reached ***** piety under Hepliaklqana
 12589 | D:12     | Found an ornate altar of the Wu Jian Council.
 12615 | D:12     | Found a sparkling altar of Nemelex Xobeh.
 12699 | D:12     | Found a shimmering blue altar of Sif Muna.
 12715 | D:12     | Reached skill level 15 in Long Blades
 12984 | D:13     | Noticed a centaur warrior
 12998 | D:13     | Killed a centaur warrior
 13334 | D:13     | Found a gate to the Vaults.
 13334 | D:13     | Noticed a vault guard
 13334 | D:13     | Noticed a vault guard
 13334 | D:13     | Noticed a vault guard
 13334 | D:13     | Noticed a centaur warrior
 13334 | D:13     | Noticed a vault guard
 13473 | D:12     | Killed a centaur warrior
 13652 | D:12     | Killed a vault guard
 13731 | D:13     | Killed a vault guard
 13732 | D:13     | Reached XP level 13. HP: 43/75 MP: 17/17
 14065 | D:13     | Killed a vault guard
 14375 | D:12     | Killed a vault guard
 14632 | D:13     | Reached skill level 5 in Invocations
 14689 | D:13     | Reached skill level 16 in Long Blades
 17450 | D:13     | Reached XP level 14. HP: 81/81 MP: 19/19
 17738 | D:13     | Reached skill level 17 in Long Blades
 17981 | D:14     | Noticed Snorg
 17992 | D:14     | Killed Snorg
 18211 | D:14     | Found Gipso's Book Emporium.
 18393 | D:15     | Entered Level 15 of the Dungeon
 20435 | D:15     | Noticed Roxanne
 21403 | D:15     | Found a staircase to the Depths.
 21731 | D:15     | Reached XP level 15. HP: 86/86 MP: 23/23
 21962 | Lair:1   | Entered Level 1 of the Lair of Beasts
 22623 | Lair:2   | Reached skill level 10 in Invocations
 22623 | Lair:2   | Reached skill level 1 in Evocations
 23260 | Lair:2   | Found the +3 robe of Clouds {+Thunder rCloud rElec}
 23281 | Lair:2   | Found a runed translucent door.
 24129 | Lair:3   | Reached skill level 15 in Dodging
 24206 | Lair:3   | Reached skill level 1 in Shields
 24369 | Lair:3   | Found a staircase to the Swamp.
 25663 | Lair:3   | Reached skill level 5 in Evocations
 25925 | Lair:4   | Noticed Nessos
 25926 | Lair:4   | Reached ****** piety under Hepliaklqana
 25936 | Lair:4   | Killed Nessos
 26047 | Lair:4   | Noticed Sonja
 26051 | Lair:4   | Killed Sonja
 26784 | Lair:4   | Found a hole to the Spider Nest.
 27355 | Lair:5   | Found a sacrificial altar of Ru.
 27417 | Lair:5   | You are sucked into a shaft and drop 1 floor!
 27417 | Lair:6   | Entered Level 6 of the Lair of Beasts
 27419 | Lair:6   | Found a runed translucent gate.
 27419 | Lair:6   | Noticed hydrownug's ghost (journeyman OgWn)
 27420 | Lair:6   | Found a runed translucent gate.
 27493 | Lair:6   | Found a runed translucent gate.
 27511 | Lair:6   | Reached XP level 16. HP: 89/90 MP: 24/24
 27769 | Lair:6   | Reached skill level 10 in Evocations
 28243 | Lair:6   | Found a runed translucent door.
 28737 | Lair:5   | Found a staircase to the Slime Pits.
 31699 | D:8      | Got a slimy amber ring
 31720 | D:8      | Identified the ring "Wigh" {rPois Dex+4 Stlth+} (You found
                  | it on level 8 of the Dungeon)
 32148 | D:15     | Reached skill level 1 in Bows
 32236 | D:15     | Killed Roxanne
 32254 | D:15     | Identified the +5 rapier "Weujohau" {elec, rPois Will-
                  | Str+3 Int+2}
 32911 | Lair:5   | Killed hydrownug's ghost
 33289 | Orc:1    | Entered Level 1 of the Orcish Mines
 33468 | Orc:2    | Entered Level 2 of the Orcish Mines
 33471 | Orc:2    | Noticed Maurice
 33483 | Orc:2    | Killed Maurice
 33630 | Orc:2    | Found a staircase to the Elven Halls.
 33793 | Orc:1    | Reached XP level 17. HP: 97/97 MP: 25/25
 33865 | Orc:1    | Reached skill level 5 in Bows
 34281 | Orc:2    | Found Zaexarch's Antique Armour Shoppe.
 34282 | Orc:2    | Found Irchurur's Antique Weapon Shoppe.
 34284 | Orc:2    | Found Tetiuf's Jewellery Shop.
 34291 | Orc:2    | Bought an ancient longbow for 285 gold pieces
 34296 | Orc:2    | Identified the cursed +3 longbow of Hacking and Slashing
                  | {speed, rN+} (You bought it in a shop on level 2 of the
                  | Orcish Mines)
 34307 | Orc:2    | Found Wystroups's Magic Scroll Emporium.
 34311 | Orc:2    | Bought an uncursed ring of willpower for 375 gold pieces
 34316 | Orc:2    | Bought a scroll of acquirement for 780 gold pieces
 34316 | Orc:2    | Bought a scroll of blinking for 112 gold pieces
 34316 | Orc:2    | Bought a scroll of blinking for 112 gold pieces
 34316 | Orc:2    | Bought a scroll of blinking for 112 gold pieces
 34316 | Orc:2    | Bought a scroll of identify for 30 gold pieces
 34316 | Orc:2    | Bought a scroll of enchant armour for 112 gold pieces
 34414 | Orc:2    | Reached skill level 18 in Long Blades
 35088 | Orc:1    | Acquired 565 gold pieces
 35258 | Swamp:1  | Entered Level 1 of the Swamp
 35359 | Swamp:1  | Reached skill level 1 in Armour
 36068 | Swamp:2  | Found a frozen archway.
 36107 | IceCv    | Entered an ice cave
 36683 | IceCv    | Found the +9 staff of Olgreb {rPois∞}
 36683 | IceCv    | Noticed an Ice Fiend
 36699 | IceCv    | Killed an Ice Fiend
 38239 | Swamp:3  | Reached XP level 18. HP: 95/104 MP: 26/26
 38409 | Swamp:3  | Reached skill level 5 in Armour
 38566 | Swamp:4  | Entered Level 4 of the Swamp
 38668 | Swamp:3  | Reached skill level 10 in Bows
 38696 | Swamp:4  | HP: 4/119 [acid (3)]
 38696 | Swamp:4  | Slain by a seven-headed hydra

Illustrated notes

Levels and vault maps discovered:
D:1:      dpeg_arrival_tiny_c, layout_basic
D:2:      layout_loops_ring, nrook_campfire
D:3:      layout_basic, kennysheep_generic_room_9, uniq_jessica
D:4:      layout_cave_pods, lemuel_zombie_altar_yredelemnul,
          minmay_temple_entry_drinking_statues, minmay_fractal_squares_gapless_5
D:5:      layout_rooms
D:6:      layout_basic, uniq_grinder
D:7:      layout_loops_ring, minmay_manual_mess
D:8:      minmay_gate_of_8, layout_gridville, minmay_door_square,
          chequers_serial_rivers_micro_d, serial_park_tiny_pond
D:9:      layout_cave_pods, serial_ice, serial_ice_j, serial_ice_o,
          serial_ice_a, serial_ice_d, serial_ice_n, serial_ice_f, serial_ice_b,
          serial_shops, kennysheep_little_box, minmay_misc_feat_tower,
          fedhas_bush_and_centaur_altar, uniq_gastronok
D:10:     layout_basic, chequers_serial_rivers_small_b,
          small_statue_intersection, st_stairs_8, nicolae_ashenzari_panopticon
D:11:     layout_rooms, grunt_lair_entry_orc_guard_hut, enter_trove_0,
          minivault_12
D:12:     due_megacathedral, layout_basic, uniq_kirke
D:13:     layout_basic, lightli_vaults_fourway_checkpoint, minmay_lizard_king
D:14:     layout_cave_pools, minivault_26, serial_shops, shop, st_stairs_4,
          uniq_snorg
D:15:     gammafunk_enter_depths_forms, layout_cave_pods,
          hangedman_decor_slide_cut, minmay_fractal_squares_diagonal_5,
          uniq_roxanne
Temple:   regret_index_temple_sigil_plot
Lair:1:   layout_big_grid, serial_rivers, chequers_serial_rivers_room_a,
          chequers_serial_rivers_micro_e, chequers_serial_rivers_large_a,
          chequers_serial_rivers_micro_c, chequers_serial_rivers_small_a,
          beast_lair_carwin_11, infiniplex_staircase_pool
Lair:2:   gammafunk_lair_enchanted_lake, layout_cave_pods, grunt_megastairs_1
Lair:3:   layout_cellular_growth, minmay_swamp_entry_wisps,
          minmay_lair_oklob_bushes, grunt_forest_large_clearing_hut
Lair:4:   layout_hall_layers, nicolae_spider_entry_tight_spaces,
          beast_lair_carwin_5, grunt_megastairs_5, uniq_nessos, uniq_sonja
Lair:5:   layout_hall_layers, slime_dummy, basic_altar, st_stairs_3,
          serial_bayou_shore_a, serial_bayou_shore_b,
          infiniplex_staircase_pool_2
Lair:6:   guppyfry_lair_end_dragon, layout_regular_city, wormcave,
          gammafunk_ghost_split
Swamp:1:  layout_basic_swamp, nicolae_swamp_very_dense_foliage, swamp_pool1
Swamp:2:  layout_basic_swamp, portal_ice_cave_entry_frozen_things,
          hangedman_swamp_blocks
Swamp:3:  layout_basic_swamp, evilmike_swamp_ruin_house_1, swamp_pool3
Swamp:4:  swamp_old_school, layout_basic_swamp
Orc:1:    layout_diamond_mine
Orc:2:    st_orc_open, layout_caves, uniq_maurice

Skill      XL: |  1  2  3  4  5  6  7  8  9 10 11 12 13 14 15 16 17 18 |
---------------+-------------------------------------------------------+-----
Long Blades    | 4 5 6 7 9 11 12 14 15 16 17 18 | 18.5
Fighting       | 3 4 5 7 8 10 11 12 13 14 | 14.0
Dodging        | 4 5 6 8 9 10 11 12 14 15 16 | 16.8
Invocations    | 1 4 6 9 10 | 10.0
Evocations     | 8 10 | 10.0
Shields        | 4 |  4.0
Bows           | 4 9 10 | 10.0
Armour         | 4 5 |  5.3
Throwing       | |  2.0

Action                   |  1- 3 |  4- 6 |  7- 9 | 10-12 | 13-15 | 16-18 || total
-------------------------+-------+-------+-------+-------+-------+-------++-------
Melee: Long sword        |    13 |       |       |       |       |       ||    13
       Peck              |     6 |    18 |    59 |   146 |   289 |   376 ||   894
       Kick              |    15 |    19 |    88 |   210 |   455 |   591 ||  1378
       Scimitar          |    36 |    60 |   218 |   480 |   811 |   977 ||  2582
Throw: Throwing net      |       |     1 |       |       |     1 |       ||     2
       Dart              |       |       |       |    14 |    14 |       ||    28
Invok: Recall Ancestor   |       |       |     1 |     5 |    14 |    12 ||    32
       Ancestor Life: Ba |       |       |     1 |       |       |       ||     1
 Abil: Fly               |       |     1 |       |     2 |       |       ||     3
       Stop Flying       |       |       |       |     2 |       |       ||     2
Evoke: Wand              |       |       |     2 |    10 |     9 |     1 ||    22
       Lightning rod     |       |       |       |       |     8 |       ||     8
       Box of beasts     |       |       |       |       |     1 |       ||     1
  Use: Potion            |     1 |       |       |       |     3 |     1 ||     5
       Scroll            |       |     7 |    11 |     6 |    10 |    13 ||    47
 Stab: Held in net/web   |       |     2 |       |       |       |       ||     2
       Distracted        |       |       |     3 |     5 |    16 |    20 ||    44
       Sleeping          |       |       |     1 |     2 |     1 |       ||     4
       Paralysed         |       |       |       |       |     1 |       ||     1
Armor: Leather armour    |    11 |     2 |       |       |       |       ||    13
       Ring mail         |       |     9 |    53 |    50 |   102 |   127 ||   341
Dodge: Dodged            |    39 |    38 |   168 |   369 |   944 |   746 ||  2304
Block: Buckler           |       |       |       |       |       |   197 ||   197
       Rpst.: Long sword |     1 |       |       |       |       |       ||     1
       Scimitar          |    10 |    13 |    51 |    88 |   209 |   142 ||   513
